Map: Cactus Valley LE (Void)

Players

Bop - Winner!

  • Race: Zerg Zerg

SterLing

  • Race: Zerg Zerg

VOD

Have the link to the VOD?

Description

Time

  • Played on: May 2, 2015, 6:44 p.m.
  • Length: 11:53
Show
View Real Time Build Order
Export as new Build Order

Bop Zerg - Winner!

Build Orders: Hatch First, Lurkers 

Get SALT Encoding   

  12  0:01  Drone  
  13  0:10  Drone  
  14  0:18  Overlord  
  14  0:24  Extractor  
  14  0:25  Drone  
  14  0:29  Drone, Extractor  
  16  0:36  Drone  
  17  0:54  Hatchery  
  16  0:57  Drone  
  16  0:59  Drone  
  16  1:01  Extractor  
  17  1:07  Drone  
  18  1:18  Spawning Pool  
  18  1:22  Drone  
  18  1:31  Drone  
  19  1:38  Drone  
  20  2:06  Queen x2  
  20  2:07  Metabolic Boost  
  25  2:08  Zergling x4  
  25  2:12  Drone x2  
  28  2:18  Overlord  
  28  2:36  Baneling Nest, Drone x2  
  29  2:37  Drone  
  29  2:41  Drone  
  31  2:48  Drone  
  32  2:56  Drone x2  
  32  2:58  Lair  
  34  3:02  Drone  
  34  3:05  Overlord  
  35  3:17  Drone  
  36  3:23  Queen  
  36  3:24  Drone x6  
  44  3:32  Overlord x2  
  44  3:40  Baneling x2  
  43  3:42  Extractor x2  
  43  3:43  Drone x2  
  43  3:48  Spine Crawler  
  42  3:55  Drone x5  
  47  3:58  Zergling x6  
  50  4:06  Hydralisk Den, Zergling x2  
  50  4:07  Zergling x4  
  52  4:14  Overseer  
  52  4:20  Drone  
  52  4:21  Drone x3  
  56  4:24  Drone, Lurker Den  
  56  4:25  Drone x2, Extractor  
  56  4:26  Drone  
  58  4:42  Zergling x4  
  58  4:43  Overlord x2  
  60  4:49  Evolution Chamber  
  58  4:54  Overlord  
  58  4:59  Hydralisk  
  58  5:09  Hydralisk x6  
  58  5:13  Zergling x4  
  70  5:17  Baneling x4  
  70  5:20  Hydralisk  
  72  5:22  Zergling x2  
  72  5:23  Zergling x2  
  74  5:30  Zergling x2  
  75  5:36  Spore Crawler  
  73  5:43  Zergling x4  
  73  5:44  Zergling x16  
  83  5:52  Overlord  
  83  5:53  Overlord  
  83  6:02  Overlord  
  83  6:07  Overlord x2  
  83  6:11  Hydralisk  
  85  6:19  Muscular Augments  
  85  6:21  Lurker  
  84  6:32  Hydralisk  
  67  6:33  Hydralisk x6  
  74  6:41  Hydralisk x2  
  74  6:46  Zergling x4  
  79  6:49  Hydralisk  
  81  6:54  Infestation Pit  
  81  6:55  Overseer  
  81  6:57  Hydralisk  
  73  7:16  Hydralisk x5  
  73  7:20  Overlord x2  
  83  7:23  Drone x2  
  83  7:24  Drone  
  83  7:26  Lurker  
  87  7:42  Overlord  
  87  7:47  Hive  
  87  7:53  Lurker  
  87  7:55  Hatchery, Lurker  
  88  8:02  Drone x6  
  88  8:03  Drone x2  
  96  8:06  Spore Crawler  
  96  8:09  Spore Crawler  
  94  8:27  Lurker x3  
  97  8:36  Spore Crawler x2  
  97  8:38  Overlord  
  95  8:42  Hydralisk x4  
  95  8:45  Zergling x6  
  95  8:46  Zergling x2  
  107  8:57  Extractor  
  107  9:02  Hydralisk x3  
  101  9:03  Hydralisk  
  101  9:05  Drone x2  
  111  9:21  Viper  
  112  9:26  Queen  
  112  9:27  Drone x5  
  112  9:28  Extractor  
  112  9:30  Spore Crawler  
  115  9:33  Viper  
  115  9:37  Overseer  
  119  9:45  Zergling x2  
  119  9:46  Zergling x10  
  119  9:50  Lurker  
  125  9:58  Lurker x2  
  124  10:14  Extractor  
  121  10:22  Spore Crawler  
  121  10:23  Spore Crawler  
  121  10:25  Viper  
  121  10:27  Zergling x16  
  130  10:29  Overlord x2  
  130  10:40  Spore Crawler  
  128  10:59  Ultralisk Cavern  
  127  11:19  Hydralisk  
  127  11:20  Hydralisk x8  
  127  11:21  Overlord x2  
Show
View Real Time Build Order
Export as new Build Order

SterLing Zerg 

Build Orders: Hatch First 

Get SALT Encoding   

  12  0:01  Drone  
  13  0:12  Overlord  
  13  0:17  Drone  
  14  0:23  Extractor  
  14  0:24  Drone  
  15  0:31  Drone  
  16  0:50  Hatchery  
  16  0:53  Drone  
  16  0:58  Drone  
  16  1:01  Drone  
  18  1:15  Spawning Pool  
  17  1:19  Drone  
  17  1:21  Extractor  
  17  1:23  Drone  
  18  1:28  Drone  
  19  1:39  Drone  
  20  1:49  Drone  
  21  2:00  Overlord  
  21  2:02  Queen x2  
  21  2:03  Zergling x2  
  26  2:11  Drone  
  26  2:14  Drone  
  28  2:21  Drone  
  28  2:22  Metabolic Boost  
  29  2:26  Drone  
  30  2:32  Drone  
  30  2:34  Drone  
  32  2:42  Overlord  
  32  2:46  Drone  
  32  2:50  Baneling Nest  
  32  2:56  Drone  
  32  2:59  Drone  
  33  3:06  Zergling x2  
  33  3:10  Drone  
  33  3:11  Drone  
  36  3:24  Lair  
  36  3:32  Drone  
  36  3:33  Drone x2  
  39  3:35  Drone  
  39  3:36  Drone x3  
  43  3:46  Overlord  
  43  3:49  Extractor  
  43  3:50  Drone  
  43  3:51  Drone x2, Extractor  
  43  3:52  Overlord, Extractor  
  43  4:02  Drone  
  44  4:05  Overlord  
  44  4:07  Zergling x8  
  48  4:14  Drone  
  49  4:21  Queen  
  49  4:23  Spire  
  49  4:24  Drone x4  
  52  4:27  Overseer  
  52  4:30  Drone x2  
  52  4:31  Drone  
  56  4:33  Zergling x2  
  56  4:40  Zergling x2  
  56  4:41  Zergling x2  
  58  4:46  Baneling x3  
  58  4:48  Zergling x10  
  58  4:49  Zergling x8  
  63  4:56  Queen  
  65  5:05  Zergling x2  
  65  5:06  Zergling x2  
  67  5:08  Overlord  
  67  5:21  Hatchery  
  67  5:25  Overlord  
  66  5:42  Mutalisk x4  
  63  5:43  Mutalisk x4  
  79  5:57  Evolution Chamber  
  79  5:58  Drone x5  
  79  5:59  Overlord x2  
  79  6:00  Overlord  
  79  6:02  Baneling x4  
  79  6:03  Baneling  
  83  6:04  Baneling x2  
  83  6:11  Baneling x4  
  83  6:12  Baneling  
  83  6:14  Baneling  
  74  6:34  Mutalisk  
  74  6:35  Mutalisk  
  74  6:37  Overseer  
  75  6:44  Zergling x2  
  75  6:45  Extractor, Zergling x26  
  87  6:47  Pneumatized Carapace  
  87  6:50  Overlord  
  87  7:04  Zergling x2  
  88  7:13  Drone, Extractor  
  88  7:14  Drone x5  
  93  7:20  Mutalisk x2  
  97  7:23  Zerg Melee Weapons Level 1  
  97  7:28  Infestation Pit  
  97  7:29  Zerg Flyer Weapons Level 1  
  96  7:33  Drone  
  96  7:36  Drone  
  103  7:37  Drone x6, Overlord  
  104  7:49  Drone  
  104  7:50  Overlord x2  
  104  7:51  Overlord  
  105  8:00  Mutalisk  
  107  8:06  Hatchery  
  106  8:18  Zergling x2  
  106  8:19  Zergling x14  
  114  8:26  Hive  
  114  8:27  Baneling x3  
  114  8:28  Baneling x8  
  114  8:29  Baneling  
  114  8:30  Baneling x2  
  114  8:32  Zergling x2  
  115  8:46  Mutalisk  
  115  8:47  Mutalisk x4  
  101  9:07  Zergling x12  
  101  9:08  Zergling x6  
  108  9:10  Drone x6  
  108  9:11  Drone  
  108  9:13  Zergling x6  
  118  9:17  Queen  
  118  9:22  Queen  
  122  9:31  Overseer x2  
  122  9:40  Greater Spire  
  122  9:42  Drone x5  
  122  9:45  Drone x2, Spore Crawler  
  128  9:46  Spine Crawler  
  128  9:47  Overlord  
  128  9:48  Drone, Spine Crawler  
  128  9:49  Drone x2  
  128  9:51  Zergling x2  
  130  9:55  Mutalisk x2  
  132  10:26  Overseer x2  
  132  10:31  Corruptor x4  
  132  10:32  Corruptor  
  142  10:38  Drone  
  142  10:40  Overlord x3  
  136  10:50  Zergling x2  
  136  10:51  Zergling x16  
  136  10:56  Baneling  
  136  10:57  Baneling x5  
  143  11:00  Zergling x2  
  143  11:04  Brood Lord x5  
  154  11:09  Baneling  
  154  11:10  Baneling x9  
  154  11:13  Zergling x2  
  154  11:14  Zergling x22  
  163  11:22  Mutalisk  
  163  11:23  Mutalisk  
  167  11:26  Overlord  
Tags
 
Add a new tag
Caveats
  • Supply blocks, unpowered buildings, or Contaminate may cause inaccurate times.
  • Supply counts are checked every 10 seconds.